 Seeded DCSS version 0.30-a0-250-g41c1d76940 (webtiles) character file.

Game seed: 11836800648259413034 (custom seed)

29 hikkokomori the Ruffian (level 3, -4/27 (32) HPs)
             Began as a Naga Transmuter on Oct 13, 2022.
             Slain by a goblin
             ... wielding a +1 dagger of speed
             ... led by Robin
              (5 damage)
             ... on level 2 of the Dungeon.
             The game lasted 00:04:21 (678 turns).

hikkokomori the Ruffian (Naga Transmuter)            Turns: 678, Time: 00:04:21

HP:   -4/27 (32)    AC:  4    Str: 20    XL:     3   Next: 16%
MP:   4/6           EV:  9    Int: 13    God:
Gold: 389           SH:  0    Dex: 11    Spells: 5/6 levels left

rFire   . . .      SeeInvis +      - Unarmed
rCold   . . .      Faith    .    (no shield)
rNeg    . . .      Spirit   .    a - +0 robe
rPois   +          Reflect  .    (no helmet)
rElec   .          Harm     .    d - +0 cloak
rCorr   .          Rampage  .    j - +0 pair of gloves "Fatzocku" {Str+6}
Will    .....                    (no barding)
Stlth   +.........               (no amulet)
HPRegen 0.24/turn                (no ring)
MPRegen 0.10/turn                (no ring)

@: very slightly contaminated, heavily drained, very slow
A: AC +1, large, see invisible, deformed body, poison resistance, slowness 2,
spit poison 1, naga tail 1
a: Spit Poison


You were on level 2 of the Dungeon.
You visited 1 branch of the dungeon, and saw 2 of its levels.

You collected 389 gold pieces.

Inventory:

Hand Weapons
 e - a +0 whip
Armour
 a - a +0 robe (worn)
 d - a +0 cloak (worn)
 i - a +0 buckler
 j - the +0 pair of gloves "Fatzocku" (worn) {Str+6}
   (You acquired it on level 1 of the Dungeon)

   Str:       It affects your strength (+6).
Jewellery
 f - the ring of Labeur {Wiz Str+3}
   (You acquired it on level 1 of the Dungeon)

   [ring of wizardry]

   It improves your spell success rate.
   Str:       It affects your strength (+3).
Potions
 b - a potion of lignification
 c - 3 potions of heal wounds {unknown}
 g - 2 potions of brilliance {unknown}
 h - a potion of flight {unknown}
 k - a potion of curing {unknown}


   Skills:
 + Level 1.8 Fighting
 - Level 1.5 Dodging
 + Level 3.4 Unarmed Combat
 - Level 2.0 Spellcasting
 + Level 2.5 Transmutations


You had 5 spell levels left.
You knew the following spells:

 Your Spells              Type           Power      Damage    Failure   Level
a - Beastly Appendage     Tmut           16%        N/A       9%          1

Your spell library contained the following spells:

 Spells                   Type           Power      Damage    Failure   Level
 Wereblood                Tmut           8%         N/A       14%         2
 Static Discharge         Conj/Air       2%         2-3/arc   36%         2
 Sublimation of Blood     Necr           1%         N/A       36%         2
 Spider Form              Tmut/Pois      4%         N/A       41%         3
 Vhi's Electric Charge    Tloc/Air       2%         N/A       58%         3
 Ice Form                 Ice/Tmut       4%         N/A       83%         4
 Petrify                  Tmut/Erth      4%         N/A       83%         4
 Irradiate                Conj/Tmut      2%         3d12      99%         5
 Arcjolt                  Conj/Air       0%         1d10      100%        5
 Lightning Bolt           Conj/Air       0%         1d11      100%        5


Dungeon Overview and Level Annotations

Branches:
Dungeon (2/15)

Altars:

Annotations:
D:2 Robin


Innate Abilities, Weirdness & Mutations

Your serpentine skin is tough. (AC +1)
You have supernaturally acute eyesight. (SInv)
Armour fits poorly on your strangely shaped body.
Your system is resistant to poisons. (rPois)
You cover ground very slowly.
You can spit poison.
You have a snake-like lower body.


Message History

The goblins go into a battle-frenzy!
Unknown command.
You hit the goblin but do no damage.
The goblin hits you with a +1 dagger of draining.
You feel drained. The goblin hits you with a +0 club.
Robin throws the goblin at you!
Unknown command.
Unknown command.
You closely miss the goblin. The goblin barely misses you.
The goblin hits you but does no damage.
A hobgoblin comes into view.
The goblin hits you with a +1 dagger of speed.
You hit the goblin.
The goblin is heavily wounded.
The goblin hits you with a +1 dagger of speed.
Unknown command.
You barely miss the goblin.
The goblin is heavily wounded.
The goblin hits you with a +1 dagger of draining.
You feel drained. The goblin closely misses you. x2
Unknown command.
Casting: Beastly Appendage (safe; 9% risk of failure)
Confirm with . or Enter, or press ? or * to list all spells.
You miscast Beastly Appendage.
You are very lightly contaminated with residual magic.
Nothing appears to happen.
The goblin hits you with a +1 dagger of draining.
You feel drained. The goblin barely misses you.
The goblin hits you with a +1 dagger of speed.
* * * LOW HITPOINT WARNING * * *
The goblin hits you but does no damage.
The goblin hits you with a +1 dagger of draining.
* * * LOW HITPOINT WARNING * * *
You feel drained.
Robin's bangles clink loudly.
Robin throws the goblin at you! The goblin barely misses you.
The goblin hits you with a +0 club.
* * * LOW HITPOINT WARNING * * *
The goblin hits you with a +1 dagger of speed.
You die...

### . ..#
#.#####.###
.........
#.##.....
#......g### .#
#. #g@g# .#
#<##.#g###.#
#.....gg...#
#.....g....#
#......#......#
##.#..###.....#
.. #.# ##....#
.. ..# #.....#
##. #......#


You could see Robin, 2 hobgoblins and 4 goblins.

Vanquished Creatures
  A dart slug (D:1)
  An endoplasm (D:1)
  A giant cockroach (D:1)
  4 goblins
  5 hobgoblins
  A quokka (D:1)
  2 ball pythons (D:1)
  3 bats (D:1)
  2 frilled lizards (D:1)
  A kobold (D:1)
  4 rats (D:1)
25 creatures vanquished.

Notes
Turn   | Place    | Note
-------+----------+-------------------------------------------
     0 | D:1      | hikkokomori the Naga Transmuter began the quest for the
                  | Orb.
     0 | D:1      | Reached XP level 1. HP: 18/18 MP: 3/3
    86 | D:1      | Reached XP level 2. HP: 3/25 MP: 3/5
   629 | D:1      | Identified 3 scrolls of acquirement
   629 | D:1      | Acquired 312 gold pieces
   630 | D:1      | Acquired the ring of Labeur {Wiz Str+3}
   631 | D:1      | Acquired the +0 pair of gloves "Fatzocku" {Str+6}
   654 | D:2      | Noticed Robin
   664 | D:2      | Reached XP level 3. HP: 24/32 MP: 4/6
   678 | D:2      | HP: 1/27 [goblin/+0 club[Robin] (1)]
   678 | D:2      | Slain by a goblin

Illustrated notes

Levels and vault maps discovered:
D:1:      minmay_arrival_nine_rooms, layout_rooms,
          dreamdust_ecumenical_altar_hidden_monk_grotto
D:2:      layout_loops_ring, minmay_strange_pillars, uniq_robin

Action                   || total
-------------------------++-------
Melee: Unarmed           ||    73
       Headbutt          ||     5
       Punch             ||     1
 Cast: Beastly Appendage ||     4
  Use: Scroll            ||     3
Armor: Robe              ||    27
Dodge: Dodged            ||    40

Table legend: (Time is in decaauts)
 A = Elapsed time spent in this place.
 B = Non-inter-level travel time spent in this place.
 C = Inter-level travel time spent in this place.
 D = Time resting spent in this place.
 E = Time spent auto-exploring this place.
 F = Levels seen in this place.
 G = Mean time per level.
                   A        B        C        D        E       F      G
               +--------+--------+--------+--------+--------+-----+--------+
         Total |    859 |    859 |      0 |      0 |    502 |   2 |  429.5 |
       Dungeon |    859 |    859 |      0 |      0 |    502 |   2 |  429.5 |
               +--------+--------+--------+--------+--------+-----+--------+

Top non-repeatable levels by time:
     D:1: 818 daAuts
     D:2: 41 daAuts
